 Dungeon Crawl Stone Soup version 0.24-a0-250-g6074511 (webtiles) character file.

Game seed: 10568320886795290902

5408 Inarius the Cleaver (level 10, -8/124 HPs)
             Began as a Demigod Fighter on Apr 14, 2019.
             Mangled by a death knight
             ... wielding a +1 glaive
              (20 damage)
             ... on level 8 of the Dungeon.
             The game lasted 00:19:40 (10356 turns).

Inarius the Cleaver (Demigod Fighter)              Turns: 10356, Time: 00:19:41

Health: -8/124     AC: 25    Str: 25    XL:     10   Next: 17%
Magic:  33/33      EV:  2    Int: 17    God:
Gold:   494        SH: 11    Dex: 20    Spells: 9/9 levels left

rFire    . . .     SeeInvis .   a - +0 war axe
rCold    . . .     Gourm    .   c - +0 shield
rNeg     + + +     Faith    .   (armour currently unavailable)
rPois    +         Spirit   .   (helmet currently unavailable)
rElec    .         Reflect  .   (cloak currently unavailable)
rCorr    .         Harm     .   (gloves currently unavailable)
MR       +....     NoTele   +   (boots currently unavailable)
Stlth    +++.......             (no amulet)
HPRegen  0.30/turn              B - ring of magical power
MPRegen  0.23/turn              g - ring of magical power

@: brilliant, agile, tree-form (expiring), hasted, very quick
A: high mp 1
a: no special abilities


You were on level 8 of the Dungeon.
You were not hungry.
You were a tree.
You visited 1 branch of the dungeon, and saw 8 of its levels.
You also visited: Ossuary.

You collected 494 gold pieces.

Inventory:

Hand Weapons
 a - a +0 war axe (weapon)
 m - a +1 dagger of venom
 r - a +2 flail of draining
Armour
 b - a +2 pair of gloves (melded)
 c - a +0 shield (worn)
 o - a +2 helmet (melded)
 v - a +1 pair of boots (melded)
 w - a +0 chain mail (melded)
 C - a +2 cloak of invisibility (melded)
Jewellery
 g - a ring of magical power (right branch)
 B - a ring of magical power (left branch)
Wands
 z - a wand of digging (1)
Scrolls
 d - 3 scrolls of noise
 h - 2 scrolls of remove curse
 t - 3 scrolls of identify
 y - 2 scrolls of enchant weapon {unknown}
 A - a scroll of summoning {unknown}
 D - 2 scrolls of teleportation
 F - 2 scrolls of random uselessness {unknown}
 I - a scroll of brand weapon {unknown}
Potions
 i - a potion of resistance {unknown}
 j - a potion of brilliance
 l - a potion of mutation {unknown}
 n - a potion of haste
 p - a potion of cancellation {unknown}
 q - 2 potions of lignification
 s - a potion of agility
 u - a potion of flight
 E - a potion of invisibility {unknown}
 G - a potion of berserk rage {unknown}
Comestibles
 f - 15 rations
 H - 5 chunks of flesh


   Skills:
 * Level 6.2 Fighting
 * Level 10.2 Axes
 * Level 6.6 Armour
 - Level 0.2 Dodging
 + Level 5.2 Shields
 * Level 3.3 Evocations


You had 9 spell levels left.
You didn't know any spells.
Your spell library contained the following spells:

 Spells                   Type           Power        Failure   Level  Hunger
 Magic Dart               Conj           ##..         10%         1    ##.....
 Sandblast                Erth           ##....       10%         1    ##.....
 Blink                    Tloc           N/A          13%         2    ###....
 Call Imp                 Summ           ##......     13%         2    ###....
 Passwall                 Tmut/Erth      ##......     13%         2    ###....
 Slow                     Hex            ##......     13%         2    ###....
 Conjure Flame            Conj/Fire      ##......     24%         3    ####...
 Mephitic Cloud           Conj/Pois/Air  ##......     24%         3    ####...
 Stone Arrow              Conj/Erth      ##....       24%         3    ####...
 Petrify                  Tmut/Erth      ##......     56%         4    #####..
 Lee's Rapid Deconstruct  Erth           ##........   86%         5    ######.


Dungeon Overview and Level Annotations

Branches:
Dungeon (8/15)             Temple (0/1) D:4
   Lair: D:8-11

Shops:
D:6 :   D:8 (

Annotations:
D:3 3 runed translucent doors, barakagiga's ghost, amateur DsVM; feelmyfire's ghost, amateur MfGl


Innate Abilities, Weirdness & Mutations

You have an increased reservoir of magic. (+10% MP)


Message History

The death knight hits you but does no damage.
Unknown command.
You hit the death knight.
The death knight is almost dead.
Your transformation is almost over.
You hit the death knight but do no damage.
The death knight is almost dead.
The death knight hits you with a +1 glaive!!
* * * LOW HITPOINT WARNING * * *
You closely miss the death knight.
The death knight is almost dead.
You barely miss the death knight.
The death knight is almost dead.
The death knight hits you but does no damage.
You hit the death knight.
The death knight is almost dead.
You hit the death knight.
The death knight is almost dead.
The death knight hits you with a +1 glaive!!
You die...

.......# ##.. .......##
##... ....##..##
##########.... .p ##..##
##............. ##..##
##.............. ##..##
##(.............#
##..#####....#####......#
##...##.....#####.......
##...p♣......##.∩......
#..........)..........
##..............[.....
#................###..
#.....####........# #..
........# ##........# ##.
........###..........# #.
##.......##...........#
#. ..............###....#
#.


You could see a death knight.

Vanquished Creatures
  A two-headed ogre (D:8)
  Joseph (D:8)
  4 hogs (D:7)
  A human (D:7)
  3 ice beasts
  2 sky beasts
  2 orc warriors
  A necrophage (D:7)
  3 ogres (D:8)
  A phantom (D:4)
  5 centaurs
  A big kobold (D:7)
  Blork the orc (D:5)
  4 bullfrogs
  5 scorpions
  6 howler monkeys
  3 crimson imps
  6 hounds
  2 bullfrog skeletons
  3 jellies
  Crazy Yiuf (D:5)
  A gnoll shaman (D:5)
  2 orc priests
  4 orc wizards
  A centaur skeleton (D:4)
  2 iguanas
  3 worker ants
  A big kobold zombie (Ossuary)
  3 hound zombies
  4 hound skeletons
  4 mummies (Ossuary)
  Robin (D:3)
  A howler monkey skeleton (D:6)
  15 gnolls
  8 adders
  A shadow imp (D:5)
  3 oozes
  2 adder skeletons
  An adder zombie (Ossuary)
  2 worms (D:2)
  4 dart slugs
  3 leopard geckos
  22 orcs
  4 giant cockroaches
  13 hobgoblins
  10 jackals
  17 kobolds
  7 quokkas
  2 ball pythons (D:1)
  A ball python zombie (D:6)
  5 bats
  7 frilled lizards
  19 goblins
  A goblin zombie (Ossuary)
  A hobgoblin zombie (Ossuary)
  2 jackal zombies (Ossuary)
  4 orc zombies (Ossuary)
  10 rats
247 creatures vanquished.

Notes
Turn   | Place    | Note
-------+----------+-------------------------------------------
     0 | D:1      | Inarius the Demigod Fighter began the quest for the Orb.
     0 | D:1      | Reached XP level 1. HP: 18/18 MP: 3/3
   281 | D:1      | Reached skill level 2 in Axes
   313 | D:1      | Reached XP level 2. HP: 23/25 MP: 4/4
   370 | D:1      | You fall through a shaft!
   437 | D:2      | Reached XP level 3. HP: 17/30 MP: 5/5
  1274 | D:1      | Reached skill level 3 in Axes
  1627 | D:2      | Found an ornate altar of the Wu Jian Council.
  1880 | D:2      | Found a burning altar of Makhleb.
  1915 | D:2      | Reached XP level 4. HP: 27/38 MP: 6/6
  2139 | D:3      | Noticed Robin
  2419 | D:3      | Killed Robin
  2618 | D:3      | Found a runed translucent gate.
  2624 | D:3      | Found a runed translucent gate.
  2625 | D:3      | Found a runed translucent gate.
  2626 | D:3      | Noticed barakagiga's ghost (amateur DsVM)
  2626 | D:3      | Noticed feelmyfire's ghost (amateur MfGl)
  2734 | D:3      | Reached XP level 5. HP: 42/45 MP: 7/7
  3435 | D:4      | Reached skill level 4 in Axes
  3580 | D:4      | Found a staircase to the Ecumenical Temple.
  3615 | D:4      | Reached XP level 6. HP: 49/51 MP: 8/8
  3778 | D:4      | Found a deep blue altar of Sif Muna.
  4001 | D:4      | Found a shimmering altar of Xom.
  4001 | D:4      | Found a hide-covered altar of Uskayaw.
  4001 | D:4      | Found a basalt altar of Yredelemnul.
  4402 | D:4      | Found an iron altar of Okawaru.
  4577 | D:5      | Entered Level 5 of the Dungeon
  4628 | D:5      | Reached skill level 5 in Axes
  4679 | D:5      | Reached XP level 7. HP: 54/58 MP: 9/9
  5013 | D:5      | Found a hazy altar of Hepliaklqana.
  5027 | D:5      | Reached skill level 6 in Axes
  5452 | D:5      | Reached skill level 5 in Armour
  5531 | D:5      | Found a runed translucent door.
  5532 | D:5      | Noticed Crazy Yiuf
  5673 | D:5      | Reached XP level 8. HP: 33/67 MP: 10/10
  5902 | D:5      | Killed Crazy Yiuf
  5975 | D:5      | Noticed Blork the orc
  6165 | D:5      | Killed Blork the orc
  6652 | D:6      | Reached skill level 7 in Axes
  6662 | D:6      | Reached skill level 1 in Evocations
  6792 | D:6      | Found Gaz Ter's Book Shop.
  6909 | D:6      | Found a bloodstained altar of Trog.
  7197 | D:6      | Reached skill level 5 in Fighting
  8082 | D:7      | Reached skill level 8 in Axes
  8105 | D:7      | Reached XP level 9. HP: 59/74 MP: 13/13
  8409 | D:7      | Reached skill level 9 in Axes
  8419 | D:7      | Reached skill level 5 in Shields
  8538 | D:7      | Found a sand-covered staircase.
  8545 | Ossuary  | Entered an ossuary
  9318 | D:8      | Found a glowing golden altar of the Shining One.
  9319 | D:8      | Noticed a two-headed ogre
  9536 | D:8      | Noticed Joseph
  9655 | D:8      | Killed Joseph
  9831 | D:8      | Killed a two-headed ogre
  9831 | D:8      | Reached skill level 10 in Axes
  9831 | D:8      | Reached XP level 10. HP: 21/83 MP: 15/15
 10227 | D:8      | Found Haijy's Weapon Shop.
 10276 | D:8      | Noticed a death knight
 10356 | D:8      | Mangled by a death knight

Levels and vault maps discovered:
D:1:      ncdulo_smallfort, layout_basic, st_stairs_7, corexii_hall_statues_x
D:2:      layout_rooms, makhleb_grotto_becter, old_standard_altar
D:3:      layout_basic, gammafunk_ghost_cemetery, uniq_robin
D:4:      minmay_skewed_foursquare, layout_loops_cross, lemuel_blue_sif_altar,
          okawaru_gym_becter, chequers_temple_overflow_statue_of_worship,
          temple_fountains, first_ration
D:5:      layout_loops_corners, overflow_temple_1_default,
          uniq_crazy_yiuf_cottage, uniq_blork_the_orc
D:6:      layout_layer_cave, lemuel_crystal_altar, serial_shops,
          nicolae_shop_crystal, minmay_misc_feat_plants
D:7:      nicolae_whirlpool, layout_basic, chequers_ossuary_entry_cave,
          grunt_livestock
D:8:      layout_layer_cave, serial_shops, shop, tso_altar, uniq_joseph
Ossuary:  ossuary_minmay_tomb_2a

Skill      XL: |  1  2  3  4  5  6  7  8  9 |
---------------+----------------------------+-----
Axes           | 2 3 4 5 6 8 10 | 10.2
Armour         | 3 4 5 6 |  6.6
Shields        | 3 4 5 |  5.2
Fighting       | 3 4 5 6 |  6.2
Evocations     | 1 3 |  3.3
Dodging        | |  0.2

Action                   |  1- 3 |  4- 6 |  7- 9 | 10-12 || total
-------------------------+-------+-------+-------+-------++-------
Melee: War axe           |   166 |   194 |   511 |    53 ||   924
       Dagger            |     9 |    98 |       |       ||   107
       Spear             |       |     3 |       |       ||     3
Throw: Throwing net      |       |       |     2 |     2 ||     4
 Abil: Evoke Invisibilit |       |       |     2 |       ||     2
  Use: Potion            |     1 |       |     2 |    12 ||    15
       Scroll            |       |       |    10 |       ||    10
 Stab: Invisible         |       |       |     4 |       ||     4
  Eat: Chunk             |     3 |    10 |    11 |     2 ||    26
       Ration            |       |       |     2 |       ||     2
Armor: Scale mail        |    71 |    29 |       |       ||   100
       Chain mail        |       |   116 |   339 |    15 ||   470
       Skin              |       |       |       |     2 ||     2
Dodge: Dodged            |    43 |    60 |   130 |     4 ||   237
Block: Shield            |    95 |   151 |   274 |    13 ||   533

Table legend:
 A = Non-vault XP
 B = Vault XP
 C = Vault XP percentage of total XP
 D = Non-vault monster count
 E = Vault monster count
 F = Vault count percentage of total count
                 A         B        C        D         E       F
            +---------+---------+-------+---------+---------+-------
      Total |    5787 |    1939 |  25.1 |     210 |      37 |  15.0
            +---------+---------+-------+---------+---------+-------
        D:1 |      59 |       2 |   3.3 |      29 |       1 |   3.3
        D:2 |      57 |      50 |  46.7 |      24 |       1 |   4.0
        D:3 |     157 |      32 |  16.9 |      25 |       9 |  26.5
        D:4 |     390 |       2 |   0.5 |      21 |       1 |   4.5
        D:5 |    1102 |     132 |  10.7 |      33 |       2 |   5.7
        D:6 |    1148 |       0 |   0.0 |      28 |       0 |   0.0
        D:7 |    1247 |    1095 |  46.8 |      40 |       6 |  13.0
        D:8 |    1627 |     475 |  22.6 |      10 |       1 |   9.1
    Ossuary |       0 |     151 | 100.0 |       0 |      16 | 100.0
            +---------+---------+-------+---------+---------+-------
